AAA
TACOMA RAINIERS @ SACRAMENTO RIVER CATS
07/18/2052
 
TOP OF THE 1ST
New Orleans Baby Cakes batting - Pitching for Albuquerque Isotopes : RHP Duff Minor
Pitching: RHP Duff Minor
Batting: RHB Danys Murillo 0-0: Ground out 4-3 (Groundball, 4M, EV 84.4 MPH)
Batting: LHB Ronald Schumann 0-0: Called Strike
0-1: Ball
1-1: Ball
2-1: Ball
3-1: Ground out 4-3 (Groundball, 34D, EV 101.2 MPH)
Batting: LHB Shannon Morlas 0-0: Ball
1-0: Ball
2-0: Foul Ball, location: 2F
2-1: Foul Ball, location: 2F
2-2: Fly out, F5 (Popup, 56S, EV 78.1 MPH)
Top of the 1st over - 0 runs, 0 hits, 0 errors, 0 left on base; New Orleans 0 - Albuquerque 0
BOTTOM OF THE 1ST
Albuquerque Isotopes batting - Pitching for New Orleans Baby Cakes : LHP Iván Crus
Pitching: LHP Iván Crus
Batting: SHB Nani Navarro 0-0: Swinging Strike
0-1: Fly out, F7 (Flyball, 7, EV 88.8 MPH)
Batting: SHB Troy McCarthy 0-0: Called Strike
0-1: Reached on error, E5 (Groundball, 56S, EV 86.9 MPH)
Batting: RHB Alex Sullivan 0-0: Called Strike
0-1: Ball
1-1: Ground out 6-3 (Groundball, 56, EV 90.0 MPH)
Batting: LHB Leo Gibson 0-0: Called Strike
0-1: Ball
1-1: Ball
2-1: Called Strike
2-2: Fly out, F3 (Line Drive, 3, EV 61.2 MPH)
Bottom of the 1st over - 0 runs, 0 hits, 1 error, 1 left on base; New Orleans 0 - Albuquerque 0
TOP OF THE 2ND
New Orleans Baby Cakes batting - Pitching for Albuquerque Isotopes : RHP Duff Minor
Batting: SHB Dong-Chan Ahn 0-0: Foul Ball, location: 2F
0-1: Fly out, F9 (Line Drive, 9, EV 91.2 MPH)
Batting: RHB Gabe Barajas 0-0: Ball
1-0: Called Strike
1-1: Foul Ball, location: 2F
1-2: Ball
2-2: Ball
3-2: Base on Balls
Batting: RHB Scott McKinnon 0-0: Ball
Gabe Barajas steals 2nd base
1-0: Called Strike
Gabe Barajas steals 3rd base
1-1: Called Strike
1-2: Foul Ball, location: 2F
1-2: Strikes out swinging
Batting: RHB Rufus Russell 0-0: Ball
1-0: Foul Ball, location: 2F
1-1: Ball
2-1: Ball
3-1: Base on Balls
Batting: LHB Angel Ramírez 0-0: Called Strike
0-1: Foul Ball, location: 2F
0-2: Ball
1-2: Ball
2-2: Foul Ball, location: 2F
2-2: Hit by Pitch
Rufus Russell to second
Batting: RHB Jonathan Fett 0-0: Fly out, F7 (Line Drive, 7S, EV 86.9 MPH)
Top of the 2nd over - 0 runs, 0 hits, 0 errors, 3 left on base; New Orleans 0 - Albuquerque 0
BOTTOM OF THE 2ND
Albuquerque Isotopes batting - Pitching for New Orleans Baby Cakes : LHP Iván Crus
Batting: RHB Lazaro Lizan 0-0: Ball
1-0: Fly out, F2 (Popup, 23F, EV 94.4 MPH)
Batting: RHB John Holmes 0-0: Called Strike
0-1: Called Strike
0-2: Hit by Pitch
Batting: LHB Dustin O'Connor 0-0: Ball
1-0: Foul Ball, location: 2F
1-1: Ball
2-1: Fielders Choice at 2nd, 4-6 (Groundball, 4M, EV 77.5 MPH)
Batting: RHB Jake Johnson 0-0: Ball
1-0: Called Strike
1-1: Called Strike
1-2: Foul Ball, location: 2F
1-2: Ball
2-2: Ball
3-2: Foul Ball, location: 2F
3-2: Base on Balls
Dustin O'Connor to second
Batting: RHB Jerry Van 0-0: Called Strike
0-1: Ground out 5-3 (Groundball, 5S, EV 88.8 MPH)
Bottom of the 2nd over - 0 runs, 0 hits, 0 errors, 2 left on base; New Orleans 0 - Albuquerque 0
TOP OF THE 3RD
New Orleans Baby Cakes batting - Pitching for Albuquerque Isotopes : RHP Duff Minor
Batting: RHB Danys Murillo 0-0: Ball
1-0: Ball
2-0: Bunt for hit to P - play at first, batter OUT! 1-3
Batting: LHB Ronald Schumann 0-0: Called Strike
0-1: SINGLE (Line Drive, 7LS, EV 106.9 MPH)
Batting: LHB Shannon Morlas 0-0: Ball
1-0: Ball
2-0: Fly out, F7 (Line Drive, 78S, EV 105.0 MPH)
Batting: SHB Dong-Chan Ahn 0-0: Called Strike
0-1: Ball
1-1: Ball
2-1: SINGLE (Line Drive, 89S, EV 104.4 MPH)
Ronald Schumann to second
Runner from 2nd tries for 3rd, SAFE, no throw by RF
Pitching: RHP Kazuo Kawamura
Batting: RHB Gabe Barajas 0-0: Swinging Strike
0-1: Called Strike
0-2: Fly out, F7 (Flyball, 7LD, EV 105.6 MPH)
Top of the 3rd over - 0 runs, 2 hits, 0 errors, 2 left on base; New Orleans 0 - Albuquerque 0
BOTTOM OF THE 3RD
Albuquerque Isotopes batting - Pitching for New Orleans Baby Cakes : LHP Iván Crus
Batting: SHB Nani Navarro 0-0: Foul Ball, location: 2F
0-1: Ball
1-1: Ball
2-1: Foul Ball, location: 2F
2-2: Foul Ball, location: 2F
2-2: Foul Ball, location: 2F
2-2: Ball
3-2: Base on Balls
Batting: SHB Troy McCarthy 0-0: Grounds into double play, 6-4-3 (Groundball, 6MD, EV 78.1 MPH)
Batting: RHB Alex Sullivan 0-0: Ball
1-0: DOUBLE (Flyball, 8LXD, EV 88.1 MPH) - OUT at third base trying to stretch hit.
Bottom of the 3rd over - 0 runs, 1 hit, 0 errors, 0 left on base; New Orleans 0 - Albuquerque 0
TOP OF THE 4TH
New Orleans Baby Cakes batting - Pitching for Albuquerque Isotopes : RHP Kazuo Kawamura
Batting: RHB Scott McKinnon 0-0: Ball
1-0: Called Strike
1-1: Ground out 6-3 (Groundball, 6, EV 102.5 MPH)
Batting: RHB Rufus Russell 0-0: Ball
1-0: Swinging Strike
1-1: Foul Ball, location: 2F
1-2: Ball
2-2: Ground out 6-3 (Groundball, 6, EV 86.9 MPH)
Batting: LHB Angel Ramírez 0-0: Called Strike
0-1: Foul Ball, location: 2F
0-2: Strikes out swinging
Top of the 4th over - 0 runs, 0 hits, 0 errors, 0 left on base; New Orleans 0 - Albuquerque 0
BOTTOM OF THE 4TH
Albuquerque Isotopes batting - Pitching for New Orleans Baby Cakes : LHP Iván Crus
Batting: LHB Leo Gibson 0-0: Called Strike
0-1: Called Strike
0-2: Ball
1-2: Strikes out swinging
Batting: RHB Lazaro Lizan 0-0: SINGLE (Groundball, 34D, EV 101.2 MPH)
Batting: RHB John Holmes 0-0: Called Strike
0-1: Ball
1-1: Swinging Strike
1-2: Foul Ball, location: 2F
1-2: Ball
2-2: Strikes out swinging
Batting: LHB Dustin O'Connor 0-0: Ball
1-0: Ball
2-0: Ball
3-0: Base on Balls
Lazaro Lizan to second
Batting: RHB Jake Johnson 0-0: Called Strike
0-1: Swinging Strike
0-2: Foul Ball, location: 2F
0-2: Ball
1-2: Fielders Choice at 2nd, 5-4 (Groundball, 56, EV 76.2 MPH)
Bottom of the 4th over - 0 runs, 1 hit, 0 errors, 2 left on base; New Orleans 0 - Albuquerque 0
TOP OF THE 5TH
New Orleans Baby Cakes batting - Pitching for Albuquerque Isotopes : RHP Kazuo Kawamura
Batting: RHB Jonathan Fett 0-0: Ball
1-0: Ball
2-0: Swinging Strike
2-1: Foul Ball, location: 2F
2-2: SINGLE (Groundball, 4MD, EV 106.2 MPH)
Batting: RHB Danys Murillo 0-0: Ball
1-0: Foul Ball, location: 2F
1-1: Hit by Pitch
Jonathan Fett to second
Batting: LHB Ronald Schumann 0-0: Sac Bunt to 13S - play at first, batter OUT! 1-3
Jonathan Fett to third
Danys Murillo to second
Batting: LHB Shannon Morlas 0-0: Ball
1-0: Ground out 6-3 (Groundball, 6, EV 82.5 MPH)
Jonathan Fett scores
Danys Murillo to third
Batting: SHB Dong-Chan Ahn 0-0: Foul Ball, location: 2F
0-1: Foul Ball, location: 2F
0-2: Ball
1-2: Ball
2-2: Foul Ball, location: 2F
2-2: DOUBLE (Line Drive, 3D, EV 103.8 MPH)
Danys Murillo scores
Batting: RHB Gabe Barajas 0-0: Ball
1-0: Ball
2-0: Ball
3-0: Called Strike
3-1: Foul Ball, location: 2F
3-2: Foul Ball, location: 2F
3-2: Ground out 6-3 (Groundball, 6, EV 85.0 MPH)
Top of the 5th over - 2 runs, 2 hits, 0 errors, 1 left on base; New Orleans 2 - Albuquerque 0
BOTTOM OF THE 5TH
Albuquerque Isotopes batting - Pitching for New Orleans Baby Cakes : LHP Iván Crus
Batting: RHB Jerry Van 0-0: Called Strike
0-1: Foul Ball, location: 2F
0-2: Foul Ball, location: 2F
0-2: Foul Ball, location: 2F
0-2: Ball
1-2: Strikes out swinging
Batting: SHB Nani Navarro 0-0: Foul Ball, location: 2F
0-1: Ball
1-1: Foul Ball, location: 2F
1-2: Ball
2-2: Strikes out looking
Batting: SHB Troy McCarthy 0-0: Foul Ball, location: 2F
0-1: Foul Ball, location: 2F
0-2: Ball
1-2: Foul Ball, location: 2F
1-2: Ball
2-2: Fly out, F8 (Line Drive, 8LS, EV 100.0 MPH)
Bottom of the 5th over - 0 runs, 0 hits, 0 errors, 0 left on base; New Orleans 2 - Albuquerque 0
TOP OF THE 6TH
New Orleans Baby Cakes batting - Pitching for Albuquerque Isotopes : RHP Kazuo Kawamura
Batting: RHB Scott McKinnon 0-0: Foul Ball, location: 2F
0-1: Swinging Strike
0-2: Ball
1-2: Strikes out looking
Batting: RHB Rufus Russell 0-0: Ball
1-0: Ball
2-0: Ball
3-0: Called Strike
3-1: Reached on error, E5 (Groundball, 56S, EV 78.1 MPH)
Batting: LHB Angel Ramírez 0-0: Foul Ball, location: 2F
0-1: Swinging Strike
0-2: Ball
1-2: Foul Ball, location: 2F
1-2: Foul Ball, location: 2F
1-2: Strikes out swinging
Pitching: RHP Chapal Thompson
Batting: RHB Jonathan Fett 0-0: Ball
1-0: Ground out 1-3 (Groundball, 13S, EV 61.9 MPH)
Top of the 6th over - 0 runs, 0 hits, 1 error, 1 left on base; New Orleans 2 - Albuquerque 0
BOTTOM OF THE 6TH
Albuquerque Isotopes batting - Pitching for New Orleans Baby Cakes : LHP Iván Crus
Batting: RHB Alex Sullivan 0-0: Called Strike
0-1: Ball
1-1: Ball
2-1: Ground out 5-3 (Groundball, 5S, EV 80.6 MPH)
Batting: LHB Leo Gibson 0-0: Called Strike
0-1: Swinging Strike
0-2: Strikes out looking
Pitching: RHP Tony Tom
Batting: RHB Lazaro Lizan 0-0: Ball
1-0: Ball
2-0: Called Strike
2-1: Called Strike
2-2: Fly out, F9 (Flyball, 89S, EV 86.2 MPH)
Bottom of the 6th over - 0 runs, 0 hits, 0 errors, 0 left on base; New Orleans 2 - Albuquerque 0
TOP OF THE 7TH
New Orleans Baby Cakes batting - Pitching for Albuquerque Isotopes : RHP Chapal Thompson
Batting: RHB Danys Murillo 0-0: Ball
1-0: Ball
2-0: Fly out, F4 (Popup, 34S, EV 83.8 MPH)
Batting: LHB Ronald Schumann 0-0: Ball
1-0: Ground out 6-3 (Groundball, 6, EV 79.4 MPH)
Batting: LHB Shannon Morlas 0-0: Ball
1-0: Ball
2-0: Called Strike
2-1: Foul Ball, location: 2F
2-2: Reached on error, E6 (Groundball, 6M, EV 103.1 MPH)
Batting: SHB Dong-Chan Ahn 0-0: Foul Ball, location: 2F
0-1: Swinging Strike
0-2: Strikes out swinging, 2-3 out at first.
Top of the 7th over - 0 runs, 0 hits, 1 error, 1 left on base; New Orleans 2 - Albuquerque 0
BOTTOM OF THE 7TH
Albuquerque Isotopes batting - Pitching for New Orleans Baby Cakes : RHP Tony Tom
Batting: RHB John Holmes 0-0: Called Strike
0-1: Ball
1-1: Swinging Strike
1-2: Strikes out swinging
Batting: LHB Dustin O'Connor 0-0: SINGLE (Groundball, 34D, EV 102.5 MPH)
Batting: RHB Jake Johnson 0-0: Ball
1-0: Called Strike
1-1: Swinging Strike
1-2: Hit by Pitch
Dustin O'Connor to second
Pinch Hitting: LHB Griffin Allen 0-0: Foul Ball, location: 2F
0-1: Ball
1-1: Ball
2-1: Ball
3-1: Base on Balls
Dustin O'Connor to third
Jake Johnson to second
Batting: SHB Nani Navarro 0-0: Foul Ball, location: 2F
0-1: Called Strike
0-2: Grounds into fielders choice 4-2 (Groundball, 4, EV 87.5 MPH)
Jake Johnson to third
Griffin Allen to second
Batting: SHB Troy McCarthy 0-0: Swinging Strike
0-1: Foul Ball, location: 2F
0-2: Ball
1-2: Foul Ball, location: 2F
1-2: Strikes out swinging
Bottom of the 7th over - 0 runs, 1 hit, 0 errors, 3 left on base; New Orleans 2 - Albuquerque 0
TOP OF THE 8TH
New Orleans Baby Cakes batting - Pitching for Albuquerque Isotopes : RHP Chapal Thompson
Now at 1B: Griffin Allen
Now at SS: Nani Navarro
Batting: RHB Gabe Barajas 0-0: Ball
1-0: Called Strike
1-1: TRIPLE (Line Drive, 78XD, EV 106.9 MPH)
Batting: RHB Scott McKinnon 0-0: Ball
1-0: Ball
2-0: Called Strike
2-1: Foul Ball, location: 2F
2-2: Ground out 2-3 (Groundball, 13S, EV 63.8 MPH)
Batting: RHB Rufus Russell 0-0: Ball
1-0: Ball
2-0: Foul Ball, location: 2F
2-1: Ball
3-1: Base on Balls
Batting: LHB Angel Ramírez 0-0: Ball
1-0: Called Strike
1-1: Ball
2-1: Called Strike
2-2: Foul Ball, location: 2F
2-2: Ball
3-2: Strikes out looking
Batting: RHB Jonathan Fett 0-0: Foul Ball, location: 2F
0-1: Ball
1-1: Ball
2-1: Called Strike
2-2: Strikes out swinging
Top of the 8th over - 0 runs, 1 hit, 0 errors, 2 left on base; New Orleans 2 - Albuquerque 0
BOTTOM OF THE 8TH
Albuquerque Isotopes batting - Pitching for New Orleans Baby Cakes : RHP Tony Tom
Batting: RHB Alex Sullivan 0-0: Ball
1-0: Called Strike
1-1: Ground out 6-3 (Groundball, 6, EV 87.5 MPH)
Batting: LHB Leo Gibson 0-0: SINGLE (Line Drive, 3D, EV 100.0 MPH)
Batting: RHB Lazaro Lizan 0-0: Grounds into double play, 5-4-3 (Groundball, 5, EV 81.9 MPH)
Bottom of the 8th over - 0 runs, 1 hit, 0 errors, 0 left on base; New Orleans 2 - Albuquerque 0
TOP OF THE 9TH
New Orleans Baby Cakes batting - Pitching for Albuquerque Isotopes : RHP Chapal Thompson
Batting: RHB Danys Murillo 0-0: SINGLE (Line Drive, 34D, EV 101.9 MPH)
Pitching: LHP Phil Baran
Batting: LHB Ronald Schumann 0-0: Called Strike
0-1: Sac Bunt to 2L - play at first, batter OUT! 2-3
Danys Murillo to second
Batting: RHB Gauge Jackson 0-0: Intentional Walk
Batting: SHB Dong-Chan Ahn 0-0: Ball
1-0: SINGLE (Groundball, 34S, EV 65.6 MPH) (infield hit)
Danys Murillo to third
Gauge Jackson to second
Batting: RHB Gabe Barajas 0-0: Called Strike
0-1: Ball
1-1: Ball
2-1: Ball
3-1: Base on Balls
Danys Murillo scores
Gauge Jackson to third
Dong-Chan Ahn to second
Batting: RHB Scott McKinnon 0-0: Ball
1-0: Foul Ball, location: 2F
1-1: Fly out, F8 (Flyball, 8RD, EV 86.2 MPH)
Runner from 3rd tags up, OUT at HOME! 8-2
Top of the 9th over - 1 run, 2 hits, 0 errors, 2 left on base; New Orleans 3 - Albuquerque 0
BOTTOM OF THE 9TH
Albuquerque Isotopes batting - Pitching for New Orleans Baby Cakes : RHP Tony Tom
Pitching: LHP Tristan Sanders
Batting: RHB John Holmes 0-0: Called Strike
0-1: Ball
1-1: Ball
2-1: Fly out, F9 (Line Drive, 9D, EV 91.9 MPH)
Batting: LHB Dustin O'Connor 0-0: Swinging Strike
0-1: Called Strike
0-2: Fly out, F4 (Line Drive, 34, EV 65.6 MPH)
Batting: RHB Jake Johnson 0-0: Called Strike
0-1: Foul Ball, location: 2F
0-2: SINGLE (Groundball, 56D, EV 101.2 MPH)
Batting: LHB Griffin Allen 0-0: Ball
1-0: Ball
2-0: Foul Ball, location: 2F
2-1: Swinging Strike
2-2: Ball
3-2: Foul Ball, location: 2F
3-2: Foul Ball, location: 2F
3-2: Foul Ball, location: 2F
3-2: Ground out 4-3 (Groundball, 34, EV 85.0 MPH)
Bottom of the 9th over - 0 runs, 1 hit, 0 errors, 1 left on base; New Orleans 3 - Albuquerque 0
Monday, April 29th , 2024 - OOTP Baseball 24.11 Build 85